 Dungeon Crawl Stone Soup version 0.20-a0-1124-g2e29d97 (webtiles) character file.

43334 inmateoo the Archer (level 14, -1/119 HPs)
             Began as a Human Hunter on May 15, 2017.
             Was a High Priest of Okawaru.
             Slain by a four-headed hydra (5 damage)
             ... on level 6 of the Lair of Beasts.
             The game lasted 00:46:07 (22849 turns).

inmateoo the Archer (Human Hunter)                 Turns: 22849, Time: 00:46:09

Health: -1/119     AC:  8    Str: 18    XL:     14   Next: 60%
Magic:  20/20      EV: 22    Int: 13    God:    Okawaru [*****.]
Gold:   1001       SH:  0    Dex: 17    Spells: 12/13 levels left

rFire    . . .     SeeInvis .   F - +2 broad axe (flame)
rCold    . . .     Gourm    .   (no shield)
rNeg     . . .     Faith    .   a - +0 troll leather armour
rPois    +         Spirit   .   O - +1 hat
rElec    .         Reflect  .   b - +0 cloak
rCorr    .         Harm     .   v - +0 pair of gloves
MR       ++...                  l - +0 pair of boots
Stlth    +++++.....             q - amulet of magic regeneration
Regen    0.7/turn               E - ring of poison resistance
MPRegen  0.3/turn               o - +3 ring of evasion

@: mighty
A: camouflage 1, high mp 1, magic resistance 1, robust 1, subdued magic 1
a: Heroism, Finesse, Renounce Religion


You were on level 6 of the Lair of Beasts.
You worshipped Okawaru.
Okawaru was extremely pleased with you.
You were not hungry.

You visited 3 branches of the dungeon, and saw 17 of its levels.
You also visited: Labyrinth and Sewer.

You collected 1131 gold pieces.
You spent 130 gold pieces at shops.

Inventory:

Hand Weapons
 m - a +0 longbow
 A - a +5 shortbow of flaming
 F - a +2 broad axe of flaming (weapon)
Missiles
 c - 12 javelins (quivered)
 d - 346 arrows
Armour
 a - a +0 troll leather armour (worn)
 b - a +0 cloak (worn)
 l - a +0 pair of boots (worn)
 v - a +0 pair of gloves (worn)
 J - a +1 leather armour of fire resistance
 O - a +1 hat (worn)
Jewellery
 k - an uncursed ring of wizardry
 o - a +3 ring of evasion (right hand)
 q - an amulet of magic regeneration (around neck)
 E - a ring of poison resistance (left hand)
 R - an uncursed ring of resist corrosion
 T - the amulet of Lilacs {+Rage rElec rF- MR+ Dex+4}
   (You found it in a labyrinth)

   [amulet of rage]

   It affects your dexterity (+4).
   It makes you vulnerable to fire.
   It insulates you from electricity.
   It affects your resistance to hostile enchantments.
   It lets you go berserk.
 Y - an uncursed ring of flight
Wands
 j - a wand of acid (7/15)
 n - a wand of scattershot (3/9)
 p - a wand of paralysis (0/24)
 K - a wand of paralysis (7/24)
 N - a wand of scattershot (7/9)
 P - a wand of lightning (3/15)
 Q - a wand of disintegration (11/24)
 S - a wand of lightning (9/15)
Scrolls
 e - 3 scrolls of fog
 i - 2 scrolls of teleportation
 y - 2 scrolls of identify
 G - 2 scrolls of enchant armour
 H - 4 scrolls of blinking
 I - a scroll of amnesia
 L - a scroll of remove curse
 M - 7 scrolls of recharging
 U - a scroll of enchant weapon
Potions
 h - 5 potions of curing
 r - 2 potions of agility
 s - 3 potions of flight
 t - 2 potions of haste
 u - 4 potions of resistance
 w - a potion of heal wounds
 z - a potion of ambrosia
 B - 5 potions of brilliance
 C - 3 potions of might
 V - 4 potions of cancellation
 W - a potion of mutation
Miscellaneous
 X - a lightning rod (4/4)
Comestibles
 f - 10 bread rations
 g - 15 royal jellies
 x - 8 fruits
 D - 5 meat rations


   Skills:
 + Level 9.8 Fighting
 + Level 9.0 Axes
 * Level 13.7 Bows
 + Level 10.0 Dodging
 + Level 10.3 Stealth
 - Level 5.2 Invocations
 + Level 6.5 Evocations


You had 12 spell levels left.
You knew the following spells:

 Your Spells              Type           Power        Failure   Level  Hunger
a - Apportation           Tloc           #.....       32%         1    ##.....


Dungeon Overview and Level Annotations

Branches:
Dungeon (11/15)            Temple (1/1) D:4            Lair (6/6) D:10
  Snake (0/4) Lair:2        Slime (0/5) Lair:6          Orc (0/2) D:10
  Swamp: Lair:2-4    Shoals: Lair:2-4

Altars:
Ashenzari
Cheibriados
Dithmenos
Elyvilon
Fedhas
Gozag
Hepliaklqana
Kikubaaqudgha
Makhleb
Nemelex Xobeh
Okawaru
Qazlal
Ru
Sif Muna
Trog
Uskayaw
Vehumet
Wu Jian
Xom
Yredelemnul
Zin
The Shining One
Jiyva

Shops:
D:4 [   D:11 =

Annotations:
Lair:2 Dominolapin's ghost, adept GrEE; George's ghost, journeyman DsFi; Monsterracer's ghost, journeyman MfSk


Innate Abilities, Weirdness & Mutations

Your skin changes colour to match your surroundings (Stealth+).
You have an increased reservoir of magic. (+10% MP)
You are resistant to hostile enchantments. (MR+)
You are robust. (+10% HP)
Your spells are a little easier to cast, but a little less powerful.


Message History

You hack one of the six-headed hydra's heads off!
The flame cauterises the wound!
You hit the five-headed hydra. You burn the five-headed hydra.
The five-headed hydra is almost dead.
The five-headed hydra bites you.
* * * LOW HITPOINT WARNING * * *
The five-headed hydra bites you!
* * * LOW HITPOINT WARNING * * *
The five-headed hydra completely misses you.
The five-headed hydra closely misses you.
The five-headed hydra misses you.
Unknown command.
Unknown command.
You slice one of the five-headed hydra's heads off!
The flame cauterises the wound!
You slash the four-headed hydra! You burn the four-headed hydra.
The four-headed hydra is almost dead.
The four-headed hydra barely misses you.
The four-headed hydra bites you.
You die...

###.P##§.♣ ...÷.P#
#.....§.#######......##
##....###...÷.# #.....#
#..†........÷. #.P.## #
##........#. .###..####
#.#.....## ..8 ##..##.
#.##...## #..÷. #.P.#.
#..##..(##..8..8 ##..#.
#.†.#.÷.@D.8÷... #..##
#..♣##.8.......[ #...#
#.P..#...8.÷8.[( ##.P.#
##...###.....$)# #....#
#.....#####%### ##.....
##......P.########.....P
##P.........P##..P.....
###.................†.
###..P..P.####.......


You could see a four-headed hydra.

Vanquished Creatures
  A minotaur (Lab)
  5 hydras
  Fannar (Lair:2)
  2 catoblepae (Lair:6)
  Erica (D:10)
  2 two-headed ogres (D:10)
  A deep troll shaman (Lair:6)
  6 death yaks (Lair:6)
  An ugly thing (D:11)
  A merfolk siren (Lair:4)
  9 elephants
  9 black mambas
  A gargoyle (D:10)
  2 centaur skeletons (D:10)
  5 spiny frogs
  A komodo dragon (Lair:1)
  5 trolls
  Grinder (D:3)
  12 blink frogs
  A hornet (D:11)
  13 dream sheep (Lair:6)
  6 hippogriffs
  2 shadows (D:11)
  A spriggan (Lair:1)
  Eustachio (D:6)
  4 wyverns
  A basilisk (Lair:3)
  23 yaks
  3 hungry ghosts
  2 soldier ants (D:9)
  10 water moccasins
  4 porcupines
  4 black bears
  3 ice beasts
  2 phantoms
  The ghost of poirepourri the Shield-Bearer, an amateur DDFi (Sewer)
  3 orc warriors
  3 sky beasts
  14 wolves (Lair:6)
  3 ogres
  9 crocodiles
  11 centaurs
  A big kobold (Sewer)
  6 bullfrogs
  4 scorpions
  A wyvern skeleton (D:10)
  A water moccasin skeleton (D:10)
  6 killer bees (D:11)
  5 wights (D:3)
  4 howler monkeys (D:9)
  A bullfrog zombie (D:10)
  4 crimson imps
  A quasit (D:6)
  2 centaur zombies
  7 hounds
  3 jellies
  2 bullfrog skeletons
  2 orc priests
  Crazy Yiuf (D:3)
  Jessica (D:3)
  13 orc wizards
  5 worker ants
  2 iguanas
  A hell rat (Lair:2)
  A killer bee zombie (D:7)
  2 howler monkey zombies
  Robin (D:3)
  18 adders
  4 river rats
  3 shadow imps
  2 oozes
  2 adder zombies
  5 adder skeletons
  6 worms
  4 dart slugs
  9 leopard geckos
  31 orcs
  6 bats
  3 giant cockroaches
  15 goblins
  11 hobgoblins
  A jackal (Sewer)
  7 quokkas
  7 ball pythons
  5 frilled lizards
  A jackal skeleton (D:8)
  6 kobolds
  A leopard gecko zombie (D:5)
  22 rats
  A bush (Lair:6)
  3 fungi
  23 plants
463 creatures vanquished.

Vanquished Creatures (others)
  A two-headed ogre (D:9)
  An unseen horror (D:11)
  A hound (D:9)
  An adder (Lair:2)
  9 fungi
  15 plants
28 creatures vanquished.

Grand Total: 491 creatures vanquished

Notes
Turn   | Place    | Note
-------+----------+-------------------------------------------
     0 | D:1      | inmateoo the Human Hunter began the quest for the Orb.
     0 | D:1      | Reached XP level 1. HP: 16/16 MP: 1/1
   215 | D:1      | Reached XP level 2. HP: 19/22 MP: 2/2
   422 | D:1      | Reached XP level 3. HP: 25/27 MP: 3/3
  1233 | D:2      | Found a shimmering altar of Xom.
  1236 | D:2      | Found a stormy altar of Qazlal.
  1251 | D:2      | Reached XP level 4. HP: 21/34 MP: 4/4
  1395 | D:2      | Found an opulent altar of Gozag.
  1657 | D:2      | Found a sacrificial altar of Ru.
  1992 | D:3      | Reached XP level 5. HP: 38/39 MP: 5/5
  2033 | D:3      | Noticed Jessica
  2041 | D:3      | Killed Jessica
  2091 | D:3      | Reached skill level 5 in Bows
  2133 | D:3      | Reached XP level 6. HP: 43/47 MP: 6/6
  2801 | D:3      | Noticed Grinder
  2834 | D:3      | Killed Grinder
  2834 | D:3      | Reached skill level 6 in Bows
  2834 | D:3      | Reached XP level 7. HP: 26/52 MP: 7/7
  3219 | D:3      | Found a runed door.
  3430 | D:3      | Noticed Crazy Yiuf
  3437 | D:3      | Killed Crazy Yiuf
  3643 | D:4      | Found Yzaposh's Antique Armour Shop.
  3648 | D:4      | Bought a helmet for 130 gold pieces
  3674 | D:4      | Reached skill level 1 in Axes
  3674 | D:4      | Reached XP level 8. HP: 40/60 MP: 8/8
  3716 | D:4      | Noticed Robin
  3745 | D:3      | Killed Robin
  3888 | D:4      | Found a glowing drain.
  3892 | Sewer    | Entered a sewer
  3941 | Sewer    | Noticed poirepourri's ghost (amateur DDFi)
  3977 | Sewer    | Killed poirepourri's ghost
  4258 | Sewer    | Found a white marble altar of Elyvilon.
  4469 | D:4      | Found an ornate altar of the Wu Jian Council.
  4829 | D:4      | Found a staircase to the Ecumenical Temple.
  4835 | Temple   | Entered the Ecumenical Temple
  4953 | D:4      | Reached skill level 7 in Bows
  4969 | D:5      | Entered Level 5 of the Dungeon
  5253 | D:5      | Found a burning altar of Makhleb.
  5397 | D:5      | Found a deep blue altar of Sif Muna.
  5423 | D:5      | Identified Sif Muna's Almanac of Air
  5767 | D:5      | Reached XP level 9. HP: 39/66 MP: 9/9
  6056 | D:2      | Found a radiant altar of Vehumet.
  6056 | D:2      | Found an iron altar of Okawaru.
  6065 | D:2      | Became a worshipper of Warmaster Okawaru
  6260 | D:6      | Reached skill level 5 in Dodging
  6260 | D:6      | Reached skill level 5 in Stealth
  6425 | D:6      | Reached skill level 5 in Fighting
  6543 | D:6      | Reached skill level 8 in Bows
  7156 | D:6      | Noticed Eustachio
  7176 | D:6      | Killed Eustachio
  7696 | D:7      | Reached * piety under Okawaru
  8090 | D:7      | Got a slimy robe
  8101 | D:7      | Identified the +2 robe of the Engineer {rElec rF+} (You found it on level 7 of the Dungeon)
  8191 | D:7      | Found a glowing golden altar of the Shining One.
  8260 | D:7      | Reached skill level 1 in Invocations
  9209 | D:8      | Reached XP level 10. HP: 58/76 MP: 11/11
  9257 | D:8      | Reached ** piety under Okawaru
  9331 | D:8      | Reached skill level 9 in Bows
  9335 | D:8      | Gained mutation: You are robust. (+10% HP) [mutagenic meat]
  9336 | D:8      | Gained mutation: You are dopey. (Int -2) [mutagenic meat]
  9337 | D:8      | Gained mutation: You have an increased reservoir of magic. (+10% MP) [mutagenic meat]
  9339 | D:8      | Gained mutation: Your skin changes colour to match your surroundings (Stealth+). [mutagenic meat]
  9340 | D:8      | Gained mutation: Your spells are a little easier to cast, but a little less powerful. [mutagenic meat]
 10079 | D:9      | Noticed a two-headed ogre
 10104 | D:9      | HP: 3/83 [two-headed ogre/dire flail (20)]
 10110 | D:9      | Killed a two-headed ogre
 11120 | D:9      | Reached *** piety under Okawaru
 11264 | D:9      | Lost mutation: You are dopey. (Int -2) [mutagenic meat]
 12614 | D:10     | Entered Level 10 of the Dungeon
 12811 | D:10     | Reached **** piety under Okawaru
 12811 | D:10     | Reached skill level 5 in Axes
 12811 | D:10     | Reached skill level 10 in Bows
 12811 | D:10     | Reached XP level 11. HP: 73/91 MP: 15/15
 12914 | D:10     | Learned a level 1 spell: Apportation
 13163 | D:9      | Noticed a cyan ugly thing
 13275 | D:10     | Found a staircase to the Orcish Mines.
 13302 | D:10     | Noticed Erica
 13320 | D:10     | Found a staircase to the Lair.
 13340 | D:10     | Killed Erica
 13700 | D:10     | Noticed a two-headed ogre
 13740 | D:11     | Noticed a red ugly thing
 13776 | D:11     | Killed a red ugly thing
 13776 | D:11     | Reached skill level 5 in Invocations
 13782 | D:11     | Gained mutation: You are resistant to hostile enchantments. (MR+) [mutagenic meat]
 13919 | D:11     | Found a labyrinth entrance.
 13926 | Lab      | Entered a labyrinth
 14595 | Lab      | Noticed a minotaur
 14633 | Lab      | Killed a minotaur
 14649 | Lab      | Got a coiled tin amulet
 14651 | Lab      | Identified the amulet of Lilacs {+Rage rElec rF- MR+ Dex+4} (You found it in a labyrinth)
 15031 | D:11     | Identified a scroll of acquirement
 15309 | D:11     | Received a gift from Okawaru
 15352 | D:11     | Killed an unseen horror
 15362 | D:11     | Reached skill level 1 in Evocations
 15801 | D:11     | Received a gift from Okawaru
 15814 | D:11     | Reached skill level 11 in Bows
 15852 | D:11     | Found Yddoi's Jewellery Shoppe.
 16072 | D:10     | Killed a two-headed ogre
 16072 | D:10     | Received a gift from Okawaru
 16072 | D:10     | Reached XP level 12. HP: 85/100 MP: 15/17
 16100 | D:10     | Noticed a two-headed ogre
 16120 | D:10     | Killed a two-headed ogre
 17091 | D:10     | Received a gift from Okawaru
 17174 | Lair:1   | Entered Level 1 of the Lair of Beasts
 17216 | Lair:1   | Noticed a six-headed hydra
 17229 | Lair:1   | Killed a six-headed hydra
 17464 | Lair:1   | Received a gift from Okawaru
 17800 | Lair:1   | Reached ***** piety under Okawaru
 18198 | Lair:2   | Noticed Dominolapin's ghost (adept GrEE)
 18385 | Lair:2   | Noticed Monsterracer's ghost (journeyman MfSk)
 18581 | D:10     | Reached skill level 12 in Bows
 18720 | Lair:1   | Reached XP level 13. HP: 62/108 MP: 18/18
 19069 | Lair:2   | Received a gift from Okawaru
 19231 | Lair:2   | Noticed George's ghost (journeyman DsFi)
 19433 | Lair:2   | Noticed Fannar
 19447 | Lair:2   | Killed Fannar
 19506 | Lair:2   | Found a staircase to the Snake Pit.
 19788 | Lair:3   | Noticed a seven-headed hydra
 19795 | Lair:3   | Killed a seven-headed hydra
 20843 | Lair:4   | You fall through a shaft for 2 floors!
 20843 | Lair:6   | Entered Level 6 of the Lair of Beasts
 20852 | Lair:6   | Received a gift from Okawaru
 21000 | Lair:6   | Reached skill level 5 in Evocations
 21107 | Lair:6   | Noticed a catoblepas
 21117 | Lair:6   | Killed a catoblepas
 21215 | Lair:6   | Received a gift from Okawaru
 21422 | Lair:6   | Reached skill level 13 in Bows
 21583 | Lair:6   | Received a gift from Okawaru
 21593 | Lair:6   | Reached XP level 14. HP: 76/118 MP: 19/19
 21823 | Lair:6   | Found a viscous altar of Jiyva.
 21831 | Lair:6   | Found a staircase to the Slime Pits.
 22114 | Lair:6   | Reached skill level 10 in Stealth
 22820 | Lair:6   | Reached skill level 10 in Dodging
 22848 | Lair:6   | HP: 4/119 [five-headed hydra (8)]
 22849 | Lair:6   | Slain by a four-headed hydra

Vault maps used:
D:1:      erik_arrival_orb_chamber
D:2:      old_standard_altar, overflow_temple_1_default,
          grunt_gozag_breadcrumbs, nicolae_overflow_hidden_temple, first_bread,
          corexii_hall_statues_t
D:3:      uniq_crazy_yiuf_cottage, uniq_grinder, uniq_jessica
D:4:      kennysheep_little_box, minmay_temple_entry_fiery, serial_shops,
          nicolae_shop_waterfront, gup_sewer_entry_bowl, uniq_robin
D:5:      led_sif_book, makhleb_blood_cavern_becter, minmay_misc_feat_room,
          minmay_misc_feat_nine_boxes, minmay_a_box_with_orc_wizards_in_it
D:6:      uniq_eustachio
D:7:      nicolae_tso_carved_into_rock
D:8:      st_stairs_5
D:9:      hangedman_pestilent_swarm
D:10:     wad_woods_structure_01, orc_0_dummy, uniq_erica
D:11:     lab_entry_generic, serial_shops, shop, minmay_gold_behind_fungi
Temple:   minmay_temple_bridge_abc
Lair:1:   grunt_forest_large_clearing_hut
Lair:2:   minmay_snake_entry_six_corridors, kennysheep_rathole, uniq_fannar
Lair:4:   elwin_shoals_entry_stream, minmay_lair_oklob_chamber, uniq_josephine
Lair:6:   grunt_lair_end_beastmaster, slime_altar_1, nicolae_lair_yak_garden
Lab:      labyrinth_watery
Sewer:    sewer_kobolds

Skill      XL: |  1  2  3  4  5  6  7  8  9 10 11 12 13 14 |
---------------+-------------------------------------------+-----
Stealth        | 2 3 4 5 6 7 8 9 10 | 10.3
Bows           | 5 6 7 8 10 11 12 13 | 13.7
Dodging        | 3 4 5 6 7 8 9 10 | 10.0
Fighting       | 3 4 5 6 7 8 9 |  9.8
Axes           | 1 2 3 5 6 7 8 9 |  9.0
Invocations    | 2 4 5 |  5.2
Evocations     | 1 4 5 6 |  6.5

Action                   |  1- 3 |  4- 6 |  7- 9 | 10-12 | 13-15 || total
-------------------------+-------+-------+-------+-------+-------++-------
Melee: Short sword       |   120 |   127 |    15 |       |       ||   262
       Hand axe          |       |       |   491 |   976 |       ||  1467
       Unarmed           |       |       |       |    21 |       ||    21
       Broad axe         |       |       |       |       |   146 ||   146
       Punch             |       |       |       |       |     2 ||     2
 Fire: Shortbow          |    10 |    75 |    17 |   405 |   520 ||  1027
Invok: Heroism           |       |       |       |    12 |    17 ||    29
Evoke: Lightning rod     |       |       |       |     4 |     4 ||     8
       Wand              |       |       |       |     3 |     4 ||     7
  Use: Scroll            |     1 |     8 |    11 |    15 |     5 ||    40
       Potion            |       |     1 |     5 |    12 |     2 ||    20
 Stab: Sleeping          |     6 |     1 |    23 |    13 |       ||    43
       Invisible         |       |       |       |    13 |       ||    13
       Distracted        |       |       |       |     1 |       ||     1
  Eat: Chunk             |     1 |     5 |    13 |    29 |    11 ||    59
       Meat ration       |       |       |     1 |     3 |       ||     4
       Fruit             |       |       |     1 |     8 |     1 ||    10
       Royal jelly       |       |       |     1 |     1 |       ||     2
Armor: Leather armour    |    20 |    32 |    82 |   129 |       ||   263
       Robe              |       |       |    20 |     3 |       ||    23
       Skin              |       |       |       |    29 |       ||    29
       Troll leather arm |       |       |       |    47 |    39 ||    86
Dodge: Dodged            |    58 |   158 |   487 |   613 |   294 ||  1610
